 Dungeon Crawl Stone Soup version 0.25.0-9-g26727b657a (webtiles) character file.

Game seed: 5043898656918395017

33 protoss039 the Sneak (level 3, -1/19 HPs)
             Began as a Vampire Enchanter on June 20, 2020.
             Slain by an ooze (5 damage)
             ... on level 2 of the Dungeon.
             The game lasted 00:04:41 (1480 turns).

protoss039 the Sneak (Vampire Enchanter)            Turns: 1480, Time: 00:04:42

Health: -1/19      AC:  2    Str:  3 (7)  XL:     3   Next: 12%
Magic:  5/6        EV: 12    Int: 14 (18) God:
Gold:   38         SH:  0    Dex: 10 (14) Spells: 5/6 levels left

rFire    . . .     SeeInvis +   a - +1 dagger
rCold    + + .     Gourm    .   (no shield)
rNeg     + + +     Faith    .   b - +0 robe
rPois    ∞         Spirit   .   (no helmet)
rElec    .         Reflect  .   (no cloak)
rCorr    .         Harm     .   (no gloves)
MR       .....                  (no boots)
Stlth    +++++.....             (no amulet)
HPRegen  0.00/turn              (no ring)
MPRegen  0.10/turn              (no ring)

@: bloodless
A: no food, fangs 3, see invisible, unbreathing
a: Bat Form, Revivify


You were on level 2 of the Dungeon.
You were bloodless.

You visited 1 branch of the dungeon, and saw 2 of its levels.

You collected 38 gold pieces.

Inventory:

Hand Weapons
 a - a +1 dagger (weapon)
Armour
 b - a +0 robe (worn)
Jewellery
 h - a +4 ring of evasion {unknown}
Wands
 m - a wand of iceblast (7)
Scrolls
 c - a scroll of teleportation {unknown}
 d - 2 scrolls of remove curse {unknown}
 f - a scroll of magic mapping {unknown}
 g - a scroll of enchant weapon {unknown}
 i - a scroll of random uselessness {unknown}
 j - a scroll of amnesia {unknown}
 k - a scroll of blinking {unknown}
 l - a scroll of identify {unknown}


   Skills:
 + Level 1.3 Short Blades
 + Level 2.2 Dodging
 + Level 5.6 Stealth
 + Level 2.2 Spellcasting
 + Level 4.8 Hexes


You had 5 spell levels left.
You knew the following spells:

 Your Spells              Type           Power        Failure   Level  Hunger
a - Corona                Hex            ###....      3%          1    N/A

Your spell library contained the following spells:

 Spells                   Type           Power        Failure   Level  Hunger
 Confusing Touch          Hex            ###.....     10%         3    N/A
 Tukima's Dance           Hex            ###.....     10%         3    N/A
 Ensorcelled Hibernation  Hex/Ice        #.....       13%         2    N/A
 Dazzling Flash           Conj/Hex       #.....       26%         3    N/A

Dungeon Overview and Level Annotations

Branches:
Dungeon (2/15)

Altars:

Annotations:
D:2 Robin


Innate Abilities, Weirdness & Mutations

You do not eat.
You do not regenerate when monsters are visible.
You are frail without blood (-20% HP).
You can heal yourself when you bite living creatures.
You are immune to poison.
You have razor-sharp teeth.
You have supernaturally acute eyesight. (SInv)
You can survive without breathing.


Message History

The ooze hits you.
* * * LOW HITPOINT WARNING * * *
You hit the ooze but do no damage.
The ooze is moderately wounded.
The ooze hits you.
* * * LOW HITPOINT WARNING * * *
Okay, then.
It was a potion of curing.
You feel better. The ooze hits you.
* * * LOW HITPOINT WARNING * * *
Unknown command.
You hit the ooze. You bite the ooze.
The ooze is heavily wounded.
The ooze barely misses you.
You hit the ooze.
The ooze is heavily wounded.
The ooze closely misses you.
You hit the ooze.
The ooze is almost dead.
The ooze stops glowing.
The ooze hits you.
You die...

.# #. #.####.# #.#
.# # #......# #.# .#
#.###..####.######.#
#.#.................
#.#g#.#.###.######..
#.....##....#
###.#.#.##### #.##
#@# #...J# #.#### #


You could see an ooze and a hobgoblin.

Vanquished Creatures
  A dart slug (D:1)
  4 leopard geckos (D:1)
  2 bats (D:1)
  2 giant cockroaches (D:2)
  A goblin (D:1)
  4 hobgoblins (D:1)
  2 kobolds (D:1)
  4 frilled lizards
  7 rats
27 creatures vanquished.

Notes
Turn   | Place    | Note
-------+----------+-------------------------------------------
     0 | D:1      | protoss039 the Vampire Enchanter began the quest for the
                  | Orb.
     0 | D:1      | Reached XP level 1. HP: 13/13 MP: 3/3
   356 | D:1      | Reached skill level 5 in Stealth
   424 | D:1      | Reached XP level 2. HP: 9/15 MP: 3/5
  1174 | D:2      | Reached XP level 3. HP: 16/19 MP: 4/6
  1284 | D:2      | Noticed Robin
  1480 | D:2      | Slain by an ooze

Illustrated notes

Levels and vault maps discovered:
D:1:      sevenhm_arrival_forest_fort_small_6, layout_basic,
          minmay_misc_feat_more_columns, minmay_door_square
D:2:      layout_loops_ring, fedhas_altar_1, uniq_robin

Skill      XL: |  1 |
---------------+----+-----
Stealth        | 5 |  5.6
Short Blades   | |  1.3
Dodging        | |  2.2
Spellcasting   | |  2.2
Hexes          | |  4.8

Action                   || total
-------------------------++-------
Melee: Dagger            ||    78
       Bite              ||     5
       Unarmed           ||    10
 Cast: Corona            ||    15
 Abil: Exsanguinate      ||     1
       End Transformatio ||     2
       Bat Form          ||     2
  Use: Potion            ||     1
 Stab: Sleeping          ||    14
Armor: Robe              ||    12
Dodge: Dodged            ||    49
